 Dungeon Crawl Stone Soup version 0.31-a0-986-g5e6e4ef867 (webtiles) character file.

Game seed: 3737126465319366635

110 voltaire321 the Sneak (level 4, -2/28 HPs)
             Began as an Octopode Hedge Wizard on Nov 14, 2023.
             Slain by an orc priest
             ... wielding a +0 flail
              (10 damage)
             ... on level 3 of the Dungeon.
             The game lasted 00:04:37 (2135 turns).

voltaire321 the Sneak (Octopode Hedge Wizard)       Turns: 2135, Time: 00:04:37

Health: -2/28      AC:  1    Str:  9    XL:     4   Next: 91%
Magic:  8/8        EV: 13    Int: 18    God:
Gold:   120        SH:  0    Dex: 11    Spells: 3/9 levels left

rFire   . . .        a - +0 dagger
rCold   . . .        (no shield)
rNeg    . . .        b - +0 hat
rPois   .            (no amulet)
rElec   .            (no ring)
rCorr   .            (no ring)
SInv    .            (no ring)
Will    .....        (no ring)
Stlth   +++          (no ring)
HPRegen 0.24/turn    (no ring)
MPRegen 0.11/turn    (no ring)
                     (no ring)

%: no passive effects
@: no status effects
A: almost no armour, amphibious, 8 rings, camouflage 1, gelatinous body 1,
(nimble swimmer 1), tentacles
a: no special abilities


You were on level 3 of the Dungeon.
You visited 1 branch of the dungeon, and saw 3 of its levels.

You collected 120 gold pieces.

Inventory:

Hand Weapons
 a - a +0 dagger (weapon)
Armour
 b - a +0 hat (worn)
Magical Staves
 p - a staff of poison
Jewellery
 d - a ring of fire
 m - a ring of fire
Wands
 k - a wand of acid (2)
Scrolls
 e - a scroll of fear {unknown}
 f - 5 scrolls of identify {unknown}
 g - a scroll of poison {unknown}
 h - a scroll of teleportation {unknown}
 i - a scroll of noise {unknown}
 o - a scroll of fog {unknown}
Potions
 c - 2 potions of magic
 j - a potion of heal wounds {unknown}
 l - a potion of attraction {unknown}
 n - a potion of lignification {unknown}


   Skills:
 + Level 1.4 Fighting
 + Level 2.6 Dodging
 + Level 3.5 Stealth
 + Level 3.3 Spellcasting
 + Level 1.9 Conjurations
 + Level 1.8 Summonings
 + Level 1.7 Translocations


You had 3 spell levels left.
You knew the following spells:

 Your Spells              Type           Power      Damage    Failure   Level
a - Magic Dart            Conj           36%        1d4       7%          1
b - Call Imp              Summ           18%        N/A       11%         2
c - Blink                 Tloc           18%        N/A       12%         2
d - Slow                  Hex            8%         N/A       16%         1

Your spell library contained the following spells:

 Spells                   Type           Power      Damage    Failure   Level
 Cigotuvi's Dreadful Rot  Necr/Pois/Air  4%         N/A       24%         2
 Mephitic Cloud           Conj/Pois/Air  5%         N/A       36%         3


Dungeon Overview and Level Annotations

Branches:
Dungeon (3/15)

Altars:


Innate Abilities, Weirdness & Mutations

You cannot wear most types of armour.
You are amphibious.
You can wear up to eight rings at the same time.
Your skin changes colour to match your surroundings (Stealth+).
Your rubbery body absorbs attacks. (AC +1, EV +1)
((You are camouflaged when in or above water. (Stealth+)))
You have tentacles for arms and can constrict up to eight enemies at once.


Message History

You kill the bat!
Found a stone staircase leading up.
You now have 120 gold pieces (gained 13).
f - 5 scrolls labelled GIXZIM QONA (gained 1)
A kobold and 3 orcs come into view.
An orc priest comes into view. It is wielding a +0 flail.
The kobold shouts!
The orc priest shouts!
The orc shouts!
The orc shouts!
The orc priest barely misses you.
The orc shouts!
The orc priest attacks as it pursues you!
The orc priest hits you with a +0 flail.
The orc attacks as it pursues you! The orc misses you.
The orc attacks as it pursues you! The orc closely misses you.
The orc priest invokes the aid of Beogh against you.
Beogh smites you! The orc attacks as it pursues you! The orc barely misses you.
You hit the orc. Your grab misses the orc.
The orc is heavily wounded.
You closely miss the orc. You grab the orc.
The orc is heavily wounded.
You constrict the orc, but do no damage.
The orc hits you with a +0 whip.
You hit the orc. You squeeze the orc, but do no damage.
The orc is heavily wounded.
You constrict the orc. The orc hits you with a +0 whip.
* * * LOW HITPOINT WARNING * * *
You hit the orc but do no damage. You squeeze the orc.
You kill the orc!
The kobold barely misses you.
Okay, then.
You hit the orc priest. Your grab misses the orc priest.
You squeeze the orc priest.
The orc priest is heavily wounded.
The kobold misses you. The orc priest closely misses you.
You closely miss the orc priest. You grab the orc priest.
You squeeze the orc priest.
The orc priest is heavily wounded.
You constrict the orc priest. The kobold closely misses you.
The orc priest hits you with a +0 flail!
You die...

########### #..........
#..........
#########..........
..............<....
#########........... ##.
#.K...####..........
#...##oo@.....#..........
#......#####.............
#...##...# ####..........
#.#. ###.######....(.....
# #...##K................
#....o...............
####..##o#######........
...........# #........
........$..# #....>...


You could see an orc priest, an orc and a kobold.

Vanquished Creatures
  Jessica (D:2)
  3 adders
  A dart slug (D:1)
  An orc (D:3)
  5 bats
  4 endoplasms (D:1)
  6 giant cockroaches
  6 goblins
  5 hobgoblins
  6 kobolds
  A quokka (D:1)
  4 ball pythons
  3 frilled lizards
  6 rats
52 creatures vanquished.

Notes
Turn   | Place    | Note
-------+----------+-------------------------------------------
     0 | D:1      | voltaire321 the Octopode Hedge Wizard began the quest for
                  | the Orb.
     0 | D:1      | Reached XP level 1. HP: 11/11 MP: 4/4
    21 | D:1      | Found a faded altar of an unknown god.
   239 | D:1      | Reached XP level 2. HP: 15/17 MP: 1/6
   295 | D:1      | Found Qatug's Antique Weapon Shop.
   348 | D:1      | Learned a level 2 spell: Call Imp
   351 | D:1      | Learned a level 2 spell: Blink
   353 | D:1      | Learned a level 1 spell: Slow
   591 | D:1      | Reached XP level 3. HP: 19/22 MP: 7/7
  1005 | D:2      | Reached skill level 1 in Fighting
  1411 | D:2      | Noticed Jessica
  1416 | D:2      | Killed Jessica
  1417 | D:2      | Reached XP level 4. HP: 23/28 MP: 8/8
  2135 | D:3      | Slain by an orc priest

Illustrated notes

Levels and vault maps discovered:
D:1:      lightli_iron_boxes, layout_loops_ring, serial_shops,
          nicolae_shop_peninsula, ebering_ecumenical_altar_sacrificial
D:2:      layout_loops_ring, serial_bayou_pond_a, grunt_ministairs_11,
          supply_closet_lemuel, grunt_decor_arrowhead, uniq_jessica
D:3:      minmay_angry_zag, layout_rooms

Skill      XL: |  1  2  3 |
---------------+----------+-----
Stealth        | 3 |  3.5
Fighting       | 1 |  1.4
Dodging        | |  2.6
Spellcasting   | |  3.3
Conjurations   | |  1.9
Summonings     | |  1.8
Translocations | |  1.7

Action                     |  1- 3 |  4- 6 || total
---------------------------+-------+-------++-------
  Melee: Dagger            |    62 |    25 ||    87
         Tentacles         |    14 |     8 ||    22
         Constrict         |    15 |     8 ||    23
   Cast: Magic Dart        |    23 |     3 ||    26
         Slow              |     1 |       ||     1
   Stab: Sleeping          |    11 |     3 ||    14
 Armour: Skin              |    24 |    11 ||    35
  Dodge: Dodged            |    40 |    20 ||    60

Table legend: (Time is in decaauts)
 A = Elapsed time spent in this place.
 B = Non-inter-level travel time spent in this place.
 C = Inter-level travel time spent in this place.
 D = Time resting spent in this place.
 E = Time spent auto-exploring this place.
 F = Levels seen in this place.
 G = Mean time per level.
                   A        B        C        D        E       F      G
               +--------+--------+--------+--------+--------+-----+--------+
         Total |   2134 |   2036 |     98 |     75 |   1606 |   3 |  711.3 |
       Dungeon |   2134 |   2036 |     98 |     75 |   1606 |   3 |  711.3 |
               +--------+--------+--------+--------+--------+-----+--------+

Top non-repeatable levels by time:
     D:2: 996 daAuts
     D:1: 886 daAuts
     D:3: 251 daAuts
